 Dungeon Crawl Stone Soup version 0.24.1-8-ga250c9d538 (webtiles) character file.

Game seed: 9672920635407697330, levelgen mode: deterministic

391726 Hugehornet the Hoplite (level 23, 0/206 HPs)
             Began as a Hill Orc Fighter on Apr 28, 2020.
             Was the Champion of Beogh.
             Slain by an ettin
             ... wielding a +0 dire flail
              (23 damage)
             ... on level 5 of the Vaults.
             The game lasted 04:27:07 (48902 turns).

Hugehornet the Hoplite (Hill Orc Fighter)          Turns: 48902, Time: 04:27:08

Health: 0/206      AC: 40    Str: 24    XL:     23   Next: 11%
Magic:  0/23       EV: 15    Int:  8    God:    Beogh [******]
Gold:   2524       SH: 18    Dex: 10    Spells: 22/22 levels left

rFire    + . .     SeeInvis +   z - +6 broad axe (elec)
rCold    + + +     Gourm    .   c - +1 shield
rNeg     . . .     Faith    .   p - +9 storm dragon scales {Bai Suzhen}
rPois    +         Spirit   +   Z - +0 helmet of the Unbroken {rC++ Str-3}
rElec    +         Reflect  .   X - +1 cloak of the Eleven Curses {-Cast rPois rF+ Slay+2}
rCorr    .         Harm     .   v - +1 pair of gloves "Cedu" {rC+ Regen+}
MR       +....     Rnd*Rage +   w - +1 pair of boots {Fly} Stlth ..........Rnd*Tele +
                                m - amulet of guardian spirit
HPRegen  0.84/turn NoCast   +   e - ring of see invisible
MPRegen  0.18/turn              b - +5 ring of protection

@: lethally poisoned (0 -> 0), liquid flames, flying, very slightly
contaminated, glowing
A: walk on water, slimy green scales 1, berserk 1, deformed body, teleportitis
1, weak 1, sturdy frame 1
}: 2/15 runes: serpentine, barnacled
a: Smiting, Recall Orcish Followers, Give Item to Named Follower, Resurrection,
Renounce Religion, Stop Flying


You were on level 5 of the Vaults.
You worshipped Beogh.
Beogh was exalted by your worship.
You were very hungry.

You visited 8 branches of the dungeon, and saw 40 of its levels.
You visited the Abyss 2 times.
You also visited: Bailey and Ice Cave.

You collected 4575 gold pieces.
You spent 2051 gold pieces at shops.

Inventory:

Hand Weapons
 n - a +0 broad axe of freezing
 z - a +6 broad axe of electrocution (weapon)
 Y - a +0 antimagic war axe
Armour
 c - a +1 shield (worn)
 p - +9 storm dragon scales (worn) {Bai Suzhen}
 v - the +1 pair of gloves "Cedu" (worn) {rC+ Regen+}
   (You found it on level 5 of the Lair of Beasts)

   It protects you from cold.
   It increases your rate of regeneration.
 w - a +1 pair of boots of flying (worn)
 A - a +0 large shield
 J - the +1 helmet "Zewk" {rPois rCorr}
   (You found it on level 4 of the Vaults)

   It protects you from poison.
   It provides partial protection from all sources of acid and corrosion.
 Q - the +1 buckler of Weiju {rF+ Stlth+}
   (You found it on level 2 of the Vaults)

   It protects you from fire.
   It makes you more stealthy.
 T - a +6 plate armour of fire resistance
 X - the +1 cloak of the Eleven Curses (worn) {-Cast rPois rF+ Slay+2}
   (You bought it in a shop on level 2 of the Orcish Mines)

   It affects your accuracy and damage with ranged weapons and melee attacks
   (+2).
   It protects you from fire.
   It protects you from poison.
   It prevents spellcasting.
 Z - the +0 helmet of the Unbroken (worn) {rC++ Str-3}
   (You bought it in a shop on level 2 of the Orcish Mines)

   It affects your strength (-3).
   It greatly protects you from cold.
Jewellery
 b - a +5 ring of protection (right hand)
 e - a ring of see invisible (left hand)
 g - the ring "Waivuyth" {+Blink MP+9 Int+6}
   (You found it on level 3 of the Elven Halls)

   [ring of magical power]

   It affects your intelligence (+6).
   It affects your magic capacity (+9).
   It lets you blink.
 m - an amulet of guardian spirit (around neck)
 q - the amulet "Lonluz Hiffu" {Harm *Drain rF+ Str+4 Int+4 Stlth+}
   (You found it on level 4 of the Dungeon)

   [amulet of harm]

   It increases damage dealt and taken.
   It affects your strength (+4).
   It affects your intelligence (+4).
   It protects you from fire.
   It causes draining when unequipped.
   It makes you more stealthy.
 r - an uncursed ring of protection from cold
 u - an uncursed ring of positive energy
 C - an uncursed ring of protection from magic
 P - an uncursed ring of positive energy
Wands
 a - a wand of acid (63)
 j - a wand of iceblast (44)
 o - a wand of paralysis (26)
 t - a wand of flame (37)
 D - a wand of digging (8)
 O - a wand of disintegration (45)
Scrolls
 h - 11 scrolls of remove curse
 i - 8 scrolls of magic mapping
 x - 9 scrolls of teleportation
 y - 3 scrolls of fear
 B - 2 scrolls of fog
 F - a scroll of holy word
 I - a scroll of acquirement
 L - 5 scrolls of silence
 M - 2 scrolls of summoning
 R - 7 scrolls of blinking
 U - 3 scrolls of identify
Potions
 d - a potion of might
 k - 2 potions of haste
 l - 2 potions of invisibility
 s - 2 potions of magic
 E - 3 potions of berserk rage
 G - a potion of resistance
 H - 3 potions of curing
 N - 3 potions of agility
 V - 4 potions of cancellation
Comestibles
 f - 37 rations


   Skills:
 - Level 17.4 Fighting
 - Level 21.2 Axes
 - Level 19.3 Armour
 - Level 13.4 Dodging
 * Level 22.2 Shields
 - Level 14.4 Unarmed Combat


You had 22 spell levels left.
You didn't know any spells.
Your spell library contained the following spells:

 Spells                   Type           Power        Failure   Level  Hunger
 Infusion                 Chrm           #...         71%         1    ##.....
 Magic Dart               Conj           #...         71%         1    ##.....
 Sandblast                Erth           #.....       71%         1    ##.....
 Sting                    Conj/Pois      #...         71%         1    ##.....
 Summon Butterflies       Summ           #.......     71%         1    ##.....
 Corpse Rot               Necr           N/A          85%         2    ###....
 Passwall                 Tmut/Erth      #.......     85%         2    ###....
 Poisonous Vapours        Pois/Air       #.....       85%         2    ###....
 Searing Ray              Conj           #.....       85%         2    ###....
 Sublimation of Blood     Necr           #.........   85%         2    ###....
 Throw Frost              Conj/Ice       #.....       85%         2    ###....
 Call Canine Familiar     Summ           #.......     97%         3    ####...
 Dazzling Spray           Conj/Hex       #.....       97%         3    ####...
 Gell's Gravitas          Tloc           #.........   97%         3    ####...
 Mephitic Cloud           Conj/Pois/Air  #.......     97%         3    ####...
 Ozocubu's Armour         Chrm/Ice       #.......     97%         3    ####...
 Portal Projectile        Hex/Tloc       #.....       97%         3    ####...
 Recall                   Summ/Tloc      N/A          97%         3    ####...
 Regeneration             Chrm/Necr      #.........   97%         3    ####...
 Stone Arrow              Conj/Erth      #.....       97%         3    ####...
 Animate Dead             Necr           N/A          100%        4    #####..
 Cause Fear               Hex            #.........   100%        4    #####..
 Force Lance              Conj/Tloc      #.......     100%        4    #####..
 Fulminant Prism          Conj/Hex       #.........   100%        4    #####..
 Ice Form                 Ice/Tmut       #.......     100%        4    #####..
 Iskenderun's Mystic Bla  Conj           #.......     100%        4    #####..
 Leda's Liquefaction      Hex/Erth       #.........   100%        4    #####..
 Olgreb's Toxic Radiance  Pois           #.......     100%        4    #####..
 Petrify                  Tmut/Erth      #.......     100%        4    #####..
 Summon Ice Beast         Ice/Summ       #.......     100%        4    #####..
 Throw Icicle             Conj/Ice       #.......     100%        4    #####..
 Agony                    Necr           #.......     100%        5    ######.
 Bolt of Draining         Conj/Necr      #.........   100%        5    ######.
 Bolt of Magma            Conj/Fire/Erth #.........   100%        5    ######.
 Borgnjor's Vile Clutch   Necr/Erth      #.........   100%        5    ######.
 Dispel Undead            Necr           #.......     100%        5    ######.
 Excruciating Wounds      Chrm/Necr      #.........   100%        5    ######.
 Iskenderun's Battlesphe  Conj/Chrm      #.......     100%        5    ######.
 Lee's Rapid Deconstruct  Erth           #.........   100%        5    ######.
 Metabolic Englaciation   Hex/Ice        #.........   100%        5    ######.
 Silence                  Hex/Air        #.........   100%        5    ######.
 Summon Mana Viper        Hex/Summ       #.......     100%        5    ######.
 Venom Bolt               Conj/Pois      #.........   100%        5    ######.
 Yara's Violent Unravell  Hex/Tmut       #.........   100%        5    ######.
 Bolt of Cold             Conj/Ice       #.........   100%        6    #######
 Death Channel            Necr           #.........   100%        6    #######
 Deflect Missiles         Chrm/Air       #.........   100%        6    #######
 Dispersal                Tloc           #.........   100%        6    #######
 Freezing Cloud           Conj/Ice/Air   #.........   100%        6    #######
 Iron Shot                Conj/Erth      #.........   100%        6    #######
 Ozocubu's Refrigeration  Ice            #.........   100%        6    #######
 Simulacrum               Ice/Necr       #.........   100%        6    #######
 Statue Form              Tmut/Erth      #........    100%        6    #######
 Orb of Destruction       Conj           #.........   100%        7    #######
 Spellforged Servitor     Conj/Summ      #.........   100%        7    #######
 Summon Hydra             Summ           #.........   100%        7    #######
 Controlled Blink         Tloc           N/A          100%        8    #######
 Discord                  Hex            #.........   100%        8    #######
 Disjunction              Tloc           #.........   100%        8    #######
 Shatter                  Erth           #.........   100%        9    #######


Dungeon Overview and Level Annotations

Branches:
Dungeon (15/15)            Temple (1/1) D:6            Lair (6/6) D:9
 Shoals (4/4) Lair:2        Snake (4/4) Lair:2        Slime (0/5) Lair:5
    Orc (2/2) D:9             Elf (3/3) Orc:2        Vaults (5/5) D:13
  Crypt (0/3) Vaults:2     Depths (0/5) D:15         Bailey (visited)
  IceCv (visited)

Altars:
Ashenzari
Cheibriados
Dithmenos
Elyvilon
Fedhas
Gozag
Hepliaklqana
Kikubaaqudgha
Makhleb
Nemelex Xobeh
Okawaru
Qazlal
Ru
Sif Muna
Trog
Uskayaw
Vehumet
Wu Jian
Xom
Yredelemnul
Zin
The Shining One
Jiyva

Shops:
D:8 *   D:14 (   D:15 ?   Orc:2 ?([*=   Elf:2 =   Elf:3 [   Snake:3 }?
Vaults:2 :   Vaults:4 [

Annotations:
D:13 6 runed translucent doors, Kiokkeho's ghost, journeyman TrMo
Lair:3 exclusion: 2 oklob plants
Snake:1 3 runed translucent doors, Yrif's ghost, adept GnFi
Snake:3 1 runed translucent door
Orc:2 3 runed translucent doors, PanicPastis's ghost, journeyman DDNe
Elf:2 exclusions: 2 obsidian statues and 2 orange crystal statues
Vaults:2 3 runed translucent doors, exclusion: 3 doors, royokou's ghost, veteran MiFi


Innate Abilities, Weirdness & Mutations

You can walk on water.
You are partially covered in slimy green scales. (AC +2)
You tend to lose your temper in combat.
Armour fits poorly on your strangely shaped body.
You are occasionally teleported next to monsters.
You are weak. (Str -2)
Your movements are slightly less encumbered by armour. (ER -2)


Message History

The stone giant throws a large rock.
The large rock misses you.
The large rock hits the deep elf death mage!!!
You block the tentacled monstrosity's attack.
The tentacled monstrosity tentacle-slaps you but does no damage.
You block the tentacled monstrosity's attack. x2
The red very ugly thing claws you!
* * * LOW HITPOINT WARNING * * *
You are covered in liquid flames.
You are covered in liquid flames!
There is an escape hatch in the ceiling, spattered with blood here.
You are covered in liquid flames!
* * * LOW HITPOINT WARNING * * *
The titan shouts!
You hear a deafening roar!
The +0 trident of freezing closely misses you.
The white very ugly thing basks in the mutagenic energy from its kin and changes!
The tentacled monstrosity misses you.
The tentacled monstrosity tentacle-slaps you but does no damage. x2
The tentacled monstrosity barely misses you.
The ettin hits you with a +0 dire flail!!
You die...

.. .#... #....#...... ...
##...#....#...... ##(.
#C.#....#..p... ##.
#........... ##
#######...)c)))#######
.........))))(........
...C.....)<<)((.......
.......C)<)T<().......
........)@C)()./.....
##....(uX())########
###########(....ue(.p†.......
.........##(......)#.........
.....†)C..((###.)..#..#..####
.).(()oc)..(###....#..#.....
...C.DC()..((##....#..# .....
#######o(.)..##cc..#..# .#..#
#).(..(##§.c.#..# #...


You could see a tentacled monstrosity, a titan, 2 very ugly things, 2 stone
giants, 2 vault wardens, a deep elf death mage, an ettin, a deep troll, 3
yaktaurs and a +0 trident of freezing.

Vanquished Creatures
  Bai Suzhen (Snake:4)
  A golden dragon (Vaults:5)
  2 deep elf blademasters
  2 krakens
  A sphinx (Vaults:5)
  A deep elf master archer (Elf:3)
  2 tentacled starspawn (Abyss:3)
  A storm dragon (Vaults:5)
  Kirke (Elf:1)
  A shadow dragon (Vaults:5)
  3 nagarajas
  A tengu reaver (Vaults:5)
  2 fire giants (Vaults:3)
  10 vault wardens
  3 frost giants
  4 deep elf sorcerers
  3 deep elf elementalists (Elf:3)
  5 ironheart preservers
  10 stone giants
  A vampire knight (Vaults:2)
  An entropy weaver (Vaults:4)
  3 deep elf demonologists
  2 deep elf annihilators
  Nessos (Orc:2)
  A lorocyproca (Abyss:3)
  A dire elephant (Abyss:3)
  A blizzard demon (Abyss:3)
  A deep elf death mage (Elf:3)
  5 ettins
  Snorg (D:11)
  10 merfolk impalers
  4 merfolk javelineers
  5 great orbs of eyes
  Josephine (D:11)
  2 fire dragons
  3 ogre magi
  3 deep elf high priests
  5 yaktaur captains
  2 rakshasas
  2 ice dragons
  11 naga warriors
  10 vault guards
  3 merfolk avatars
  A catoblepas (Lair:6)
  5 hydras
  2 centaur warriors
  Erica (D:9)
  An alligator snapping turtle (Shoals:2)
  A satyr (Shoals:3)
  2 anacondas
  8 death yaks (Lair:6)
  5 merfolk aquamancers
  7 two-headed ogres
  6 dancing weapons
  2 orc high priests
  5 naga sharpshooters
  5 thrashing horrors (Abyss:3)
  4 shock serpents
  Sonja (Lair:2)
  16 deep elf knights
  A wretched star (Abyss:3)
  18 sea snakes
  A shadow wraith (Vaults:4)
  2 sixfirhies (Abyss:3)
  3 glowing orange brains
  2 deep trolls (Vaults:4)
  6 unseen horrors
  9 skeletal warriors
  An unseen horror (shapeshifter) (Vaults:3)
  3 naga ritualists
  8 deep elf archers
  8 ironbrand convokers
  A lindwurm (shapeshifter) (Vaults:5)
  21 harpies
  4 wizards
  48 deep elf magi
  5 mana vipers
  A necromancer (IceCv)
  2 orc sorcerers
  2 orc knights
  22 ugly things
  An orb spider (shapeshifter) (D:15)
  8 salamanders
  2 wolf spiders (Vaults:1)
  14 slime creatures
  8 cyclopes
  10 fauns
  2 worldbinders (Abyss:3)
  A moth of wrath (shapeshifter) (Vaults:5)
  An elephant (shapeshifter) (Vaults:2)
  16 manticores
  A centaur zombie (D:14)
  7 guardian serpents
  18 black mambas
  A black mamba (shapeshifter) (Vaults:2)
  5 water nymphs
  13 merfolk sirens
  5 elephants
  4 smoke demons (Abyss:3)
  A stone giant skeleton (Vaults:2)
  An orange demon (Abyss:3)
  21 naga magi
  14 vault sentinels
  A torpor snail (Lair:4)
  An ice statue (IceCv)
  A kobold demonologist (D:11)
  9 spiny frogs
  A spiny frog (shapeshifter) (D:15)
  24 yaktaurs
  3 rime drakes
  2 efreet
  6 centaur skeletons
  3 komodo dragons
  11 freezing wraiths
  A redback zombie (D:14)
  A human skeleton (Vaults:3)
  A queen bee (shapeshifter) (Vaults:2)
  A polar bear (D:15)
  A jumping spider (shapeshifter) (Abyss:3)
  7 wind drakes
  8 trolls
  2 jumping spiders (Vaults:4)
  A slime creature (shapeshifter) (D:15)
  39 merfolk
  A hornet (Vaults:3)
  A sphinx simulacrum (Vaults:3)
  10 snapping turtles
  5 dream sheep
  A blink frog (shapeshifter) (Vaults:1)
  4 blink frogs
  11 raiju
  A dream sheep (shapeshifter) (Vaults:5)
  8 hippogriffs
  A meliai zombie (D:14)
  An ettin skeleton (Vaults:2)
  A hippogriff (shapeshifter) (Vaults:1)
  2 human simulacra
  14 water elementals
  4 vampires
  4 ynoxinuls (Abyss:3)
  A flying skull (Abyss:3)
  2 wyverns
  A basilisk (shapeshifter) (Vaults:1)
  22 yaks
  4 wraiths
  2 hogs (Elf:1)
  3 redbacks (Vaults:4)
  A tarantella (Vaults:4)
  A yak (shapeshifter) (D:15)
  2 fire bats (Abyss:3)
  A death yak simulacrum (IceCv)
  A fire elemental (Elf:2)
  2 hungry ghosts
  A human (shapeshifter) (D:15)
  2 neqoxecs (Abyss:3)
  2 chaos spawn (Abyss:3)
  A yaktaur simulacrum (Vaults:3)
  26 nagas
  9 wargs
  12 water moccasins
  6 large abominations (Abyss:3)
  3 porcupines
  17 orc warriors
  10 ice beasts
  5 sky beasts
  An eye of draining (shapeshifter) (Vaults:1)
  A phantom (D:6)
  A necrophage (D:11)
  19 starcursed masses (Abyss:3)
  9 ogres
  5 black bears
  3 boggarts (Vaults:3)
  7 wolves
  14 centaurs
  4 crocodiles
  A big kobold (shapeshifter) (Vaults:2)
  2 big kobolds
  15 bullfrogs
  3 earth elementals (Elf:2)
  6 small abominations (Abyss:3)
  6 scorpions
  11 wights
  11 killer bees
  8 howler monkeys
  3 electric eels
  5 crimson imps
  2 bullfrog zombies
  4 quasits
  5 draconian simulacra (IceCv)
  8 jellies
  14 orc wizards
  3 bullfrog skeletons
  9 orc priests
  2 hounds
  A gnoll shaman (D:7)
  2 iron imps (Abyss:3)
  Jessica (D:3)
  9 worker ants
  5 iguanas
  3 polar bear simulacra (IceCv)
  2 hell rats (Lair:5)
  3 spriggan simulacra (IceCv)
  3 troll simulacra (IceCv)
  4 centaur simulacra (IceCv)
  2 hound zombies
  A worker ant zombie (D:11)
  11 gnolls
  A howler monkey skeleton (D:7)
  8 river rats (Lair:5)
  10 adders
  3 ogre simulacra (IceCv)
  2 naga simulacra (IceCv)
  4 shadow imps
  15 white imps
  6 oozes
  An adder zombie (D:7)
  An adder skeleton (D:7)
  A worm (D:4)
  3 dart slugs
  3 leopard geckos
  27 orcs
  8 bats
  3 giant cockroaches
  12 goblins
  2 hobgoblins (D:1)
  13 jackals
  14 kobolds
  3 quokkas
  3 ball pythons
  4 frilled lizards
  A jackal skeleton (D:5)
  A leopard gecko skeleton (D:5)
  3 quokka skeletons (D:5)
  11 rats
  5 crawling corpses (Elf:3)
  2 fungi
  15 plants
  4 starspawn tentacles (Abyss:3)
  6 tentacles
1281 creatures vanquished.

Vanquished Creatures (collateral kills)
  Nikola (Elf:2)
  Jory (Vaults:3)
  A tentacled monstrosity (Vaults:5)
  A deep elf blademaster (Elf:3)
  A deep elf master archer (Elf:3)
  A thorn hunter (Elf:3)
  2 shadow dragons (Vaults:5)
  4 storm dragons (Vaults:5)
  4 nagarajas (Snake:4)
  6 vault wardens
  4 deep elf sorcerers
  2 fire giants (Vaults:5)
  An orc warlord (Orc:2)
  6 deep elf elementalists (Elf:3)
  5 ironheart preservers
  2 stone giants
  An entropy weaver (Vaults:4)
  7 deep elf annihilators
  5 deep elf demonologists (Elf:3)
  4 deep elf death magi (Elf:3)
  2 ettins
  The ghost of Yzaany the Grappler, a journeyman TrMo of Okawaru (D:11)
  9 yaktaur captains
  2 great orbs of eyes
  2 deep elf high priests (Elf:3)
  A fire dragon (Vaults:5)
  10 naga warriors
  20 vault guards
  5 hydras
  3 ice dragons
  2 catoblepae (Lair:6)
  6 anacondas
  4 two-headed ogres
  2 centaur warriors
  3 ogre magi
  20 dancing weapons
  4 death yaks (Lair:6)
  A deep troll earth mage (Vaults:4)
  2 orc high priests (Orc:2)
  8 naga sharpshooters
  A thrashing horror (Abyss:3)
  A shock serpent (Snake:3)
  12 deep elf knights
  A salamander mystic (Snake:4)
  A skeletal warrior (D:15)
  6 sea snakes (Snake:4)
  A deep troll (shapeshifter) (Elf:1)
  2 wizards (Vaults:2)
  2 naga ritualists
  10 deep elf archers
  4 ironbrand convokers
  6 deep trolls
  2 mana vipers
  A wolf spider (Vaults:2)
  8 orc knights
  2 necromancers
  36 deep elf magi
  A stone giant zombie (Vaults:3)
  9 salamanders
  A faun (shapeshifter) (Vaults:4)
  2 centaur zombies
  2 orc sorcerers
  13 slime creatures
  5 vault sentinels
  3 cyclopes
  4 manticores
  22 ugly things
  An elephant (shapeshifter) (Elf:1)
  14 naga magi
  7 elephants
  3 guardian serpents
  A merfolk siren (Shoals:4)
  14 black mambas
  Maurice (Orc:2)
  4 spiny frogs
  3 gargoyles
  2 centaur skeletons
  A spiny frog (shapeshifter) (Vaults:4)
  22 yaktaurs
  6 freezing wraiths
  A rime drake (Lair:5)
  A komodo dragon (Lair:6)
  4 trolls
  A polar bear (shapeshifter) (Abyss:3)
  A harpy skeleton (D:10)
  A raiju (shapeshifter) (Vaults:2)
  A wind drake (Shoals:4)
  A hornet (Vaults:3)
  A snapping turtle (Shoals:4)
  3 blink frogs (Lair:5)
  A hippogriff (D:13)
  2 water elementals
  A redback (Vaults:4)
  A shadow (D:11)
  2 air elementals (Elf:1)
  A yak (shapeshifter) (Vaults:4)
  An ettin skeleton (Vaults:2)
  3 basilisks
  A hog (shapeshifter) (Vaults:5)
  9 yaks
  A hog (Elf:1)
  3 wraiths
  2 fire elementals
  A chaos spawn (Abyss:3)
  2 wargs
  27 nagas
  6 water moccasins
  2 porcupines
  A large abomination (Abyss:3)
  A phantom (D:15)
  16 orc warriors
  2 ice beasts (D:10)
  A small abomination (Abyss:3)
  A boggart (Vaults:3)
  3 wolves
  5 centaurs
  7 ogres
  2 crocodiles
  3 bullfrogs
  A scorpion (shapeshifter) (Abyss:3)
  2 killer bees (D:10)
  3 wights
  5 starcursed masses (Abyss:3)
  A quasit (D:10)
  7 orc priests
  2 hounds (D:11)
  6 orc wizards
  2 worker ants
  A killer bee zombie (D:10)
  A worker ant zombie (D:11)
  A shadow imp (D:15)
  An ufetubus (D:15)
  A worm (shapeshifter) (Elf:1)
  13 orcs
  A goblin (D:14)
  5 kobolds (D:10)
  4 crawling corpses (Elf:3)
  10 fungi
  8 plants
601 creatures vanquished.

Vanquished Creatures (others)
  Saint Roka (Orc:2)
  7 orc warlords
  A shadow dragon (Vaults:5)
  2 deep elf elementalists (Elf:3)
  21 orc knights
  4 orc sorcerers
  An ice dragon (Vaults:1)
  3 orc high priests
  A naga mage (Snake:4)
  28 orc warriors
  A water elemental (Shoals:3)
  A naga (Snake:4)
  24 orc priests
  A boggart (Vaults:3)
  29 orc wizards
  68 orcs
  4 fungi
  A lurking horror (Abyss:3)
  31 plants
  6 starspawn tentacles (Abyss:3)
  7 tentacles (Shoals:3)
242 creatures vanquished.

Grand Total: 2124 creatures vanquished

Notes
Turn   | Place    | Note
-------+----------+-------------------------------------------
     0 | D:1      | Hugehornet the Hill Orc Fighter began the quest for the
                  | Orb.
     0 | D:1      | Reached XP level 1. HP: 19/19 MP: 1/1
   112 | D:1      | Reached XP level 2. HP: 24/27 MP: 2/2
   625 | D:1      | Reached XP level 3. HP: 33/33 MP: 3/3
  1174 | D:2      | Found a bloodstained altar of Trog.
  1333 | D:3      | Reached XP level 4. HP: 38/40 MP: 4/4
  1355 | D:3      | Found a shadowy altar of Dithmenos.
  1508 | D:3      | Found an opulent altar of Gozag.
  1624 | D:3      | Noticed Jessica
  1628 | D:3      | Killed Jessica
  1628 | D:3      | Reached skill level 4 in Shields
  1855 | D:4      | Reached XP level 5. HP: 38/47 MP: 5/5
  2002 | D:4      | Reached skill level 5 in Axes
  2002 | D:4      | Reached XP level 6. HP: 44/53 MP: 6/6
  2023 | D:4      | Got a fine zirconium amulet
  2091 | D:4      | Became a worshipper of Beogh the Brigand
  2099 | D:4      | Reached skill level 5 in Armour
  2115 | D:4      | Found a radiant altar of Vehumet.
  2117 | D:4      | Found a hide-covered altar of Uskayaw.
  2194 | D:4      | HP: 1/53 [ogre/+0 giant club (14)]
  2198 | D:4      | Reached skill level 5 in Fighting
  2198 | D:4      | Reached XP level 7. HP: 9/61 MP: 7/7
  2937 | D:5      | Entered Level 5 of the Dungeon
  3132 | D:5      | Reached * piety under Beogh
  3432 | D:5      | Reached skill level 5 in Shields
  3515 | D:5      | Reached XP level 8. HP: 59/69 MP: 8/8
  3838 | D:6      | Identified the amulet "Lonluz Hiffu" {Harm *Drain rF+ Str+4
                  | Int+4 Stlth+} (You found it on level 4 of the Dungeon)
  4294 | D:6      | Found a staircase to the Ecumenical Temple.
  4322 | Temple   | Entered the Ecumenical Temple
  5094 | D:7      | Reached XP level 9. HP: 65/78 MP: 9/9
  5094 | D:7      | Reached skill level 6 in Shields
  5740 | D:7      | Reached ** piety under Beogh
  6094 | D:8      | Found Gadwis's Assorted Antiques.
  6101 | D:8      | Bought a runed cloak for 195 gold pieces
  6101 | D:8      | Bought a potion of curing for 78 gold pieces
  6431 | D:8      | Reached skill level 10 in Axes
  6444 | D:8      | Found a stormy altar of Qazlal.
  6885 | D:8      | Reached skill level 7 in Shields
  6977 | D:8      | Reached XP level 10. HP: 86/88 MP: 10/10
  7143 | D:9      | Found a staircase to the Orcish Mines.
  7186 | D:9      | Reached *** piety under Beogh
  7465 | D:9      | Reached skill level 10 in Armour
  7526 | D:9      | Found a staircase to the Lair.
  7900 | D:9      | Noticed Erica
  7908 | D:9      | Killed Erica
  7909 | D:9      | Reached skill level 8 in Shields
  8058 | D:10     | Entered Level 10 of the Dungeon
  8148 | D:10     | Reached XP level 11. HP: 66/95 MP: 11/11
  8306 | D:10     | Noticed a two-headed ogre
  8311 | D:10     | Killed a two-headed ogre
  8311 | D:10     | Reached **** piety under Beogh
  8885 | D:10     | Gained Gorg as an ally
  9224 | D:11     | Noticed an unseen horror
  9228 | D:11     | Killed an unseen horror
  9228 | D:11     | Reached skill level 1 in Dodging
  9228 | D:11     | Reached skill level 1 in Unarmed Combat
  9295 | D:11     | Found a runed translucent gate.
  9295 | D:11     | Found a runed translucent gate.
  9295 | D:11     | Found a runed translucent gate.
  9296 | D:11     | Noticed Yzaany's ghost (journeyman TrMo)
  9307 | D:11     | Noticed Snorg
  9311 | D:11     | Noticed a brown ugly thing
  9319 | D:11     | Killed Snorg
  9320 | D:11     | Killed a brown ugly thing
  9320 | D:11     | Reached skill level 9 in Shields
  9547 | D:11     | Noticed a manticore
  9559 | D:11     | Killed a manticore
  9993 | D:11     | Noticed a manticore
 10003 | D:11     | Killed a manticore
 10320 | D:11     | Noticed Josephine
 10334 | D:11     | Killed Josephine
 10334 | D:11     | Reached ***** piety under Beogh
 10334 | D:11     | Reached XP level 12. HP: 101/106 MP: 12/12
 10700 | Lair:1   | Entered Level 1 of the Lair of Beasts
 11567 | Lair:2   | Noticed Sonja
 11588 | Lair:2   | Killed Sonja
 11588 | Lair:2   | Reached skill level 10 in Fighting
 11850 | Lair:2   | Found a staircase to the Snake Pit.
 11974 | Lair:2   | Found a staircase to the Shoals.
 12030 | Lair:2   | Reached skill level 10 in Shields
 12177 | Lair:2   | Noticed a five-headed hydra
 12186 | Lair:2   | Killed a one-headed hydra
 13788 | Lair:4   | Reached XP level 13. HP: 114/114 MP: 13/13
 14163 | Lair:5   | Found a viscous altar of Jiyva.
 14164 | Lair:5   | Found a staircase to the Slime Pits.
 14215 | Lair:5   | Found a frozen archway.
 14250 | IceCv    | Entered an ice cave
 14257 | IceCv    | Reached skill level 11 in Shields
 14557 | IceCv    | Reached skill level 15 in Axes
 14873 | IceCv    | Reached skill level 5 in Unarmed Combat
 15175 | IceCv    | Gained Ugrim as an ally
 15522 | IceCv    | Found an ancient bone altar of Kikubaaqudgha.
 15528 | IceCv    | Your ally Ugrim died
 16364 | Lair:5   | Got a pair of dazzling gloves
 16370 | Lair:5   | Identified the +1 pair of gloves "Cedu" {rC+ Regen+} (You
                  | found it on level 5 of the Lair of Beasts)
 17152 | Lair:6   | Entered Level 6 of the Lair of Beasts
 17303 | Lair:6   | Gained Spirok as an ally
 17309 | Lair:6   | Reached ****** piety under Beogh
 17313 | Lair:6   | Gained Okrist as an ally
 17461 | Lair:6   | Reached XP level 14. HP: 80/124 MP: 14/14
 17718 | Lair:6   | Reached skill level 12 in Shields
 17901 | Lair:6   | Your ally Spirok died
 17903 | Lair:6   | Your ally Okrist died
 17921 | Lair:6   | Your ally Gorg died
 18955 | Orc:1    | Entered Level 1 of the Orcish Mines
 18970 | Orc:1    | Reached skill level 5 in Dodging
 19065 | Orc:2    | Entered Level 2 of the Orcish Mines
 19065 | Orc:2    | Noticed Saint Roka
 19065 | Orc:2    | Noticed Nessos
 19148 | Orc:1    | Your ally Gorg died
 19386 | Orc:2    | Killed Nessos
 19407 | Orc:2    | Killed Saint Roka
 19424 | Orc:2    | HP: 5/125 [orc sorcerer/bolt of fire (39)]
 19456 | Orc:2    | Killed Maurice
 19477 | Orc:2    | Gained Dorog as an ally
 19512 | Orc:2    | Noticed an orc warlord
 19525 | Orc:2    | Killed an orc warlord
 19741 | Orc:2    | Found a staircase to the Elven Halls.
 19842 | Orc:2    | Reached skill level 13 in Shields
 19842 | Orc:2    | Reached XP level 15. HP: 132/132 MP: 15/15
 19966 | Orc:2    | Found Qoateg's General Store.
 19967 | Orc:2    | Found Mivos's Jewellery Shoppe.
 19968 | Orc:2    | Found Wigh's Antique Armour Shoppe.
 19968 | Orc:2    | Found Cowaluru's Antique Weapon Emporium.
 20145 | Orc:2    | Found a runed translucent gate.
 20145 | Orc:2    | Found a runed translucent gate.
 20145 | Orc:2    | Found a runed translucent gate.
 20145 | Orc:2    | Noticed PanicPastis's ghost (journeyman DDNe)
 20153 | Orc:2    | Found Gejuiw's Magic Scroll Emporium.
 20173 | Orc:2    | Bought a scroll of identify for 24 gold pieces
 20173 | Orc:2    | Bought a scroll of identify for 24 gold pieces
 20173 | Orc:2    | Bought a scroll of vulnerability for 90 gold pieces
 20173 | Orc:2    | Bought a scroll of blinking for 90 gold pieces
 20173 | Orc:2    | Bought a scroll of identify for 24 gold pieces
 20173 | Orc:2    | Bought a scroll of random uselessness for 12 gold pieces
 20509 | Orc:2    | Bought a distressingly furry helmet for 342 gold pieces
 20509 | Orc:2    | Bought an ichor-stained cloak for 342 gold pieces
 20519 | Orc:2    | Identified the cursed +0 helmet of the Unbroken {rC++
                  | Str-3} (You bought it in a shop on level 2 of the Orcish
                  | Mines)
 20535 | Orc:2    | Identified the +1 cloak of the Eleven Curses {-Cast rPois
                  | rF+ Slay+2} (You bought it in a shop on level 2 of the
                  | Orcish Mines)
 20556 | Orc:2    | Identified 3 scrolls of acquirement
 20558 | Orc:2    | Got a dazzling war axe
 20559 | Orc:2    | Identified the +1 war axe of Ugiure {venom, MR+ Int+3} (You
                  | acquired it on level 2 of the Orcish Mines)
 20728 | Snake:1  | Entered Level 1 of the Snake Pit
 20831 | Snake:1  | Noticed Yrif's ghost (adept GnFi)
 21047 | Snake:1  | Found a runed translucent gate.
 21047 | Snake:1  | Found a runed translucent gate.
 21047 | Snake:1  | Found a runed translucent gate.
 21766 | Snake:2  | Reached skill level 15 in Armour
 21780 | Snake:2  | Gained Zorug as an ally
 22144 | Snake:2  | Noticed a nagaraja
 22152 | Snake:2  | Killed a nagaraja
 22171 | Snake:2  | Gained Morbeogh as an ally
 23352 | Snake:3  | Got a brightly glowing chain mail
 23363 | Snake:3  | Identified the cursed +0 chain mail "Tyucoim" {rF+ Str+4
                  | Int+4} (You found it on level 3 of the Snake Pit)
 23454 | Snake:3  | Found Nam Curaolonn's Gadget Shoppe.
 23462 | Snake:3  | Found Yblorch's Magic Scroll Emporium.
 23481 | Snake:3  | Bought a scroll of identify for 28 gold pieces
 23482 | Snake:3  | Bought a scroll of silence for 105 gold pieces
 23482 | Snake:3  | Bought a scroll of identify for 28 gold pieces
 23482 | Snake:3  | Bought a scroll of identify for 28 gold pieces
 23503 | Snake:3  | Reached skill level 14 in Shields
 23659 | Snake:3  | Reached XP level 16. HP: 74/141 MP: 6/16
 23844 | Snake:3  | Found a runed translucent door.
 23867 | Snake:3  | Got a faintly glowing hand axe
 23868 | Snake:3  | Identified the +9 hand axe "Foifiven" {pain, *Contam rN++
                  | Int+2} (You found it on level 3 of the Snake Pit)
 23899 | Snake:3  | Gained mutation: Your body sometimes deteriorates upon
                  | taking damage. [mutagenic glow]
 24515 | Snake:4  | Entered Level 4 of the Snake Pit
 24789 | Snake:4  | Your ally Morbeogh died
 25219 | Snake:4  | Noticed a nagaraja
 25244 | Snake:4  | Killed a nagaraja
 25506 | Snake:4  | Noticed a nagaraja
 25516 | Snake:4  | Noticed a nagaraja
 25524 | Snake:4  | Killed a nagaraja
 25533 | Snake:4  | Killed a nagaraja
 25542 | Snake:4  | Noticed a nagaraja
 25550 | Snake:4  | Your ally Zorug died
 25550 | Snake:4  | Noticed Bai Suzhen
 25551 | Snake:4  | Noticed a nagaraja
 25551 | Snake:4  | Noticed a nagaraja
 25562 | Snake:4  | Your ally Morbeogh died
 25624 | Snake:4  | Your ally Dorog died
 25789 | Snake:4  | Killed a nagaraja
 25789 | Snake:4  | Reached skill level 15 in Shields
 25819 | Snake:4  | Killed Bai Suzhen
 25826 | Snake:4  | Reached XP level 17. HP: 27/150 MP: 8/17
 26272 | Snake:4  | Got a serpentine rune of Zot
 26646 | Lair:2   | Lost mutation: Your body sometimes deteriorates upon taking
                  | damage. [potion of mutation]
 26646 | Lair:2   | Gained mutation: Your spells are a little easier to cast,
                  | but a little less powerful. [potion of mutation]
 26646 | Lair:2   | Gained mutation: You have a pair of small horns on your
                  | head. [potion of mutation]
 26646 | Lair:2   | Gained mutation: You have a somewhat thin skeletal
                  | structure. (Dex +2, Stealth) [potion of mutation]
 26647 | Lair:2   | Lost mutation: Your spells are a little easier to cast, but
                  | a little less powerful. [potion of mutation]
 26647 | Lair:2   | Gained mutation: You are frail. (-10% HP) [potion of
                  | mutation]
 26647 | Lair:2   | Gained mutation: You evolve. [potion of mutation]
 26647 | Lair:2   | Gained mutation: You are occasionally teleported next to
                  | monsters. [potion of mutation]
 26647 | Lair:2   | Gained mutation: You expend magic power (3 MP) to
                  | strengthen your wands. [potion of mutation]
 26648 | Lair:2   | Lost mutation: You expend magic power (3 MP) to strengthen
                  | your wands. [potion of mutation]
 26648 | Lair:2   | Lost mutation: You evolve. [potion of mutation]
 26648 | Lair:2   | Lost mutation: You are frail. (-10% HP) [potion of
                  | mutation]
 26648 | Lair:2   | Gained mutation: You are weak. (Str -2) [potion of
                  | mutation]
 26648 | Lair:2   | Lost mutation: You are weak. (Str -2) [potion of mutation]
 26648 | Lair:2   | Gained mutation: You are partially covered in slimy green
                  | scales. (AC +2) [potion of mutation]
 26649 | Lair:2   | Lost mutation: You have a somewhat thin skeletal structure.
                  | (Dex +2, Stealth) [potion of mutation]
 26649 | Lair:2   | Lost mutation: You have a pair of small horns on your head.
                  | [potion of mutation]
 26649 | Lair:2   | Gained mutation: Your flesh is cold resistant. (rC+)
                  | [potion of mutation]
 26649 | Lair:2   | Gained mutation: You possess an exceptional clarity of
                  | mind. [potion of mutation]
 26826 | D:11     | Killed Yzaany's ghost
 28115 | D:12     | Gained Bogdar as an ally
 28643 | D:12     | Identified the +1 leather armour of Sorcery {Stlth+} (You
                  | found it on level 12 of the Dungeon)
 28888 | D:13     | Your ally Bogdar died
 29283 | D:13     | Lost mutation: You possess an exceptional clarity of mind.
                  | [potion of mutation]
 29283 | D:13     | Lost mutation: You are partially covered in slimy green
                  | scales. (AC +2) [potion of mutation]
 29283 | D:13     | Lost mutation: Your flesh is cold resistant. (rC+) [potion
                  | of mutation]
 29283 | D:13     | Gained mutation: Your movements are slightly less
                  | encumbered by armour. (ER -2) [potion of mutation]
 29283 | D:13     | Gained mutation: You are dopey. (Int -2) [potion of
                  | mutation]
 29283 | D:13     | Gained mutation: Potions are less effective at restoring
                  | your health. [potion of mutation]
 29283 | D:13     | Gained mutation: Your flesh is cold resistant. (rC+)
                  | [potion of mutation]
 29352 | D:13     | Found a runed translucent gate.
 29352 | D:13     | Found a runed translucent gate.
 29352 | D:13     | Found a runed translucent gate.
 29359 | D:13     | Noticed Kiokkeho's ghost (journeyman TrMo)
 29466 | D:13     | Gained Orgrim as an ally
 29715 | D:13     | Found a gate to the Vaults.
 29741 | D:13     | Found a runed translucent door.
 30126 | D:13     | Found a runed translucent door.
 30131 | D:13     | Found a runed translucent door.
 30249 | D:13     | Found an iron altar of Okawaru.
 30277 | D:14     | Reached skill level 10 in Unarmed Combat
 30324 | D:14     | Found a flagged portal.
 30348 | Bailey   | Entered a bailey
 30997 | D:14     | Found Apsebb's Weapon Emporium.
 31026 | D:14     | Identified the cursed +0 long sword of Oniedacifi {venom,
                  | rElec SInv} (You found it on level 14 of the Dungeon)
 31299 | D:15     | Entered Level 15 of the Dungeon
 31602 | D:15     | Got a brightly glowing pewter ring
 31603 | D:15     | Identified the ring "Acsoo" {Str+2 Stlth-} (You found it on
                  | level 15 of the Dungeon)
 31760 | D:15     | Found a staircase to the Depths.
 31790 | D:15     | Found Hemikaus's Magic Scroll Shop.
 31810 | D:15     | Reached skill level 16 in Shields
 31819 | D:15     | Bought a scroll of enchant weapon for 127 gold pieces
 31819 | D:15     | Bought a scroll of enchant armour for 127 gold pieces
 32232 | Shoals:1 | Entered Level 1 of the Shoals
 32875 | Shoals:1 | Reached XP level 18. HP: 149/160 MP: 16/18
 33616 | Shoals:2 | You are sucked into a shaft and drop 1 floor!
 35517 | Shoals:4 | Entered Level 4 of the Shoals
 35539 | Shoals:4 | Found the +3 salamander hide armour {+Rage rF++}
 35686 | Shoals:4 | Reached skill level 17 in Shields
 35962 | Shoals:4 | Gained Brandogh as an ally
 36146 | Shoals:4 | Reached skill level 10 in Dodging
 36359 | Shoals:4 | Reached skill level 15 in Fighting
 36359 | Shoals:4 | Reached XP level 19. HP: 123/170 MP: 13/19
 36398 | Shoals:4 | Got a barnacled rune of Zot
 37045 | Elf:1    | Entered Level 1 of the Elven Halls
 37055 | Elf:1    | Gained Orkrul as an ally
 37504 | Elf:1    | Noticed Kirke
 37515 | Elf:1    | Killed Kirke
 38129 | Elf:2    | Found Osaahy Beatt's Jewellery Emporium.
 38186 | Elf:2    | Bought a cursed ring of attention for 45 gold pieces
 38186 | Elf:2    | Bought a cursed amulet of inaccuracy for 20 gold pieces
 38337 | Elf:2    | Found a runed translucent gate.
 38337 | Elf:2    | Found a runed translucent gate.
 38338 | Elf:2    | Found a runed translucent gate.
 38338 | Elf:2    | Noticed Nikola
 38707 | Elf:2    | Killed Nikola
 38820 | Elf:2    | Reached skill level 18 in Shields
 39727 | Elf:2    | Found a radiant altar of Vehumet.
 39962 | Elf:3    | Entered Level 3 of the Elven Halls
 39962 | Elf:3    | Found Cataopp's Armour Boutique.
 40053 | Elf:3    | Cast into level 2 of the Abyss (a deep elf demonologist)
 40091 | Abyss:2  | Found a corrupted altar of Lugonu.
 40146 | Abyss:3  | Found a corrupted altar of Lugonu.
 40486 | Abyss:3  | Gained Orgrim as an ally
 40506 | Abyss:3  | Reached XP level 20. HP: 180/180 MP: 20/20
 40676 | Abyss:3  | Your ally Orgrim died
 40862 | Elf:3    | Escaped the Abyss
 40863 | Elf:3    | Noticed a Tzitzimitl
 40863 | Elf:3    | Gained Spirok as an ally
 40939 | Elf:3    | Gained Gorm as an ally
 41189 | Elf:3    | Cast into level 3 of the Abyss (a deep elf sorcerer)
 41189 | Abyss:3  | Found a corrupted altar of Lugonu.
 41220 | Abyss:3  | Gained mutation: Armour fits poorly on your strangely
                  | shaped body. [a neqoxec]
 41343 | Abyss:3  | Found a corrupted altar of Lugonu.
 41471 | Elf:3    | Escaped the Abyss
 41476 | Elf:3    | Noticed a Brimstone Fiend
 41718 | Elf:3    | Identified the ring "Xaunnen" {+Fly rC+ Str-2 Stlth+} (You
                  | found it on level 3 of the Elven Halls)
 41752 | Elf:3    | Identified the Incunabulum of Lucky Snow
 41784 | Elf:3    | Identified the ring "Waivuyth" {+Blink MP+9 Int+6} (You
                  | found it on level 3 of the Elven Halls)
 41831 | Elf:3    | Identified the +8 lajatang "Zephefep" {venom, rF+ Str+2
                  | Dex+4}
 41844 | Elf:3    | Reached skill level 19 in Shields
 42556 | Elf:3    | Lost mutation: Your flesh is cold resistant. (rC+) [potion
                  | of mutation]
 42556 | Elf:3    | Lost mutation: Potions are less effective at restoring your
                  | health. [potion of mutation]
 42556 | Elf:3    | Gained mutation: You are weak. (Str -2) [potion of
                  | mutation]
 42556 | Elf:3    | Gained mutation: You tend to lose your temper in combat.
                  | [potion of mutation]
 42556 | Elf:3    | Lost mutation: You are dopey. (Int -2) [potion of mutation]
 42556 | Elf:3    | Gained mutation: You are partially covered in slimy green
                  | scales. (AC +2) [potion of mutation]
 42557 | Elf:3    | Got a shimmering chain mail
 42568 | Elf:3    | Identified the +1 chain mail of the Villain {-Tele rPois
                  | Regen+ Slay+2} (You found it on level 3 of the Elven Halls)
 42586 | Elf:3    | Got a faintly glowing chain mail
 42597 | Elf:3    | Identified the +4 chain mail "Wasoem" {Int+4} (You found it
                  | on level 3 of the Elven Halls)
 42911 | Vaults:1 | Entered Level 1 of the Vaults
 43293 | Vaults:1 | Reached XP level 21. HP: 189/189 MP: 21/21
 44404 | Vaults:1 | Gained Gorm as an ally
 44635 | Vaults:2 | Found Baehof's Book Emporium.
 44751 | Vaults:2 | Gained Hawl as an ally
 44832 | Vaults:2 | Got an ichor-stained buckler
 44843 | Vaults:2 | Identified the +1 buckler of Weiju {rF+ Stlth+} (You found
                  | it on level 2 of the Vaults)
 45188 | Vaults:2 | Found a runed translucent gate.
 45188 | Vaults:2 | Found a runed translucent gate.
 45188 | Vaults:2 | Found a runed translucent gate.
 45189 | Vaults:2 | Noticed royokou's ghost (veteran MiFi)
 45582 | Vaults:2 | Found a staircase to the Crypt.
 45678 | Vaults:2 | Identified the +1 ring mail "Peuzudut" {MR+}
 45926 | Vaults:2 | Found an iron altar of Okawaru.
 46213 | Vaults:3 | Reached skill level 20 in Shields
 46261 | Vaults:3 | Noticed Jory
 46276 | Vaults:3 | Killed Jory
 46339 | Vaults:3 | Gained Berold as an ally
 46473 | Vaults:3 | Gained Thorok as an ally
 46570 | Vaults:3 | Reached XP level 22. HP: 179/199 MP: 22/22
 47161 | Vaults:4 | Gained Grimold as an ally
 47276 | Vaults:4 | Got a crude helmet
 47277 | Vaults:4 | Identified the +1 helmet "Zewk" {rPois rCorr} (You found it
                  | on level 4 of the Vaults)
 47381 | Vaults:4 | Your ally Grimold died
 47481 | Vaults:4 | Gained Learuk as an ally
 48518 | Vaults:4 | Found Vythoatt's Antique Armour Boutique.
 48524 | Vaults:4 | Bought a pair of embroidered boots for 322 gold pieces
 48622 | Vaults:5 | Entered Level 5 of the Vaults
 48629 | Vaults:5 | Your ally Learuk died
 48630 | Vaults:5 | Reached skill level 21 in Shields
 48636 | Vaults:5 | Your ally Gorm died
 48636 | Vaults:5 | Your ally Thorok died
 48641 | Vaults:5 | Your ally Brandogh died
 48643 | Vaults:5 | Your ally Spirok died
 48744 | Vaults:5 | Noticed a golden dragon
 48757 | Vaults:5 | Your ally Hawl died
 48763 | Vaults:5 | Killed a golden dragon
 48768 | Vaults:5 | Your ally Orgrim died
 48776 | Vaults:5 | Reached XP level 23. HP: 28/206 MP: 4/23
 48777 | Vaults:5 | Reached skill level 22 in Shields
 48780 | Vaults:5 | Your ally Orkrul died
 48790 | Vaults:5 | Your ally Berold died
 48791 | Vaults:5 | HP: 6/206 [ettin/+0 dire flail (13)]
 48794 | Vaults:5 | Your ally Dorog died
 48902 | Vaults:5 | Slain by an ettin

Levels and vault maps discovered:
D:1:      minmay_arrival_shattered_statue, layout_basic, kennysheep_nondescript,
          minmay_misc_feat_cross
D:2:      layout_rooms, lightli_temple_of_fire, minmay_misc_feat_room
D:3:      layout_basic, grunt_dithmenos_smoke_and_mirrors,
          nicolae_gozag_seed_capital, uniq_jessica
D:4:      cheibrodos_pilgrimage, layout_loops_corners,
          nicolae_overflow_hidden_temple, first_ration, serial_bayou_pond_a
D:5:      layout_rooms, serial_park_tiny_1
D:6:      layout_cave_pods, minmay_temple_entry_wispy, hex_tiny
D:7:      layout_gridville
D:8:      layout_loops_corners, lemuel_doored_altar, serial_shops, shop,
          hangedman_little_slice_of_home, kennysheep_crisscross
D:9:      layout_irregular_city, dpeg_oklobed_lair, minmay_orc_entry_guard_dogs,
          uniq_erica
D:10:     layout_irregular_city
D:11:     layout_layer_cave, ebering_ghost_rock_garden, uniq_snorg,
          uniq_josephine
D:12:     layout_small_grid, minivault_4
D:13:     layout_irregular_city, hangedman_vaults_entry_quadrant_bands,
          gammafunk_ghost_fury_of_okawaru, mikee_hates_you
D:14:     layout_loops_cross, nicolae_sextant, serial_shops,
          nicolae_shop_crystal, enter_bailey_7
D:15:     gammafunk_enter_depths_forms, layout_cave_pools, serial_shops,
          nicolae_shop_trees, minmay_misc_feat_chi, serial_ice, serial_ice_m,
          serial_ice_a, serial_ice_f, serial_ice_e
Temple:   eino_temple_rhombus
Lair:1:   layout_gridlike
Lair:2:   layout_chaotic_city, elwin_shoals_entry_rooms, dummy_snake_entry,
          minmay_shattered_shrine, uniq_sonja
Lair:3:   layout_cave_pods, grunt_forest_small_clearings, grunt_megastairs_5,
          lemuel_fruit_tree, infiniplex_staircase_pool_2,
          minmay_lair_oklob_chamber
Lair:4:   layout_roguey, grunt_megastairs_2
Lair:5:   layout_cave_pods, slime_altar_1, portal_ice_cave_rime,
          serial_bayou_pond_e, kennysheep_rathole
Lair:6:   evilmike_catoblepas_cave, layout_long_grid, st_stairs_5
Shoals:1: layout_shoals
Shoals:2: layout_shoals
Shoals:3: layout_shoals
Shoals:4: shoals_end_simple, layout_shoals, hangedman_shoals_cup_caves
Snake:1:  layout_misc_corridors, gammafunk_ghost_split,
          nicolae_snake_salamander_stairs
Snake:2:  layout_cave_shapes, nrook_guardian_serpent_double
Snake:3:  cheibrodos_toxic_ritual, layout_cave_pods, minmay_shoptagon
Snake:4:  snake_pit, layout_layer_cave, serial_bayou, serial_bayou_shore_a,
          serial_bayou_lake_a, uniq_bai_suzhen
Orc:1:    layout_diamond_mine
Orc:2:    st_orc_congregation, layout_caves, gammafunk_ghost_split,
          serial_shops, shop, uniq_saint_roka, uniq_nessos, uniq_maurice
Elf:1:    eino_elf_arrival_shootout, layout_loops_corners, minivault_28,
          uniq_kirke
Elf:2:    layout_onion_city, serial_shops,
          nicolae_shop_temple_entry_statues_fountains, guppyfry_elf_altar,
          uniq_nikola
Elf:3:    minmay_elf_hall_hex, layout_geoelf_grid, serial_shops, shop
Vaults:1: dpeg_vaults_monster_row, nicolae_vaults_little_squares_6, v_misc_29,
          nicolae_vaults_little_squares_2, v_pattern_5, hangedman_vaults_slice,
          v_misc_22, nicolae_vaults_network_star, v_misc_18, v_misc_15,
          ontoclasm_vaults_ligature, layout_vaults_omnibox
Vaults:2: gammafunk_vaults_ghost_fury_of_okawaru, nicolae_vaults_ninety_degrees,
          nicolae_vaults_three_branches, v_misc_30, hangedman_vaults_capsules,
          minmay_crypt_entry_vampire_xt, nicolae_vaults_sealed_display,
          ontoclasm_vaults_tryst, v_misc_13, vaults_room_fours,
          vaults_room_pool, ontoclasm_vaults_decontamination,
          layout_vaults_big_cross, serial_shops, nicolae_shop_statue_plus
Vaults:3: nicolae_vaults_diagonal_hallway_7, v_pattern_3, v_rooms_2,
          grunt_vaults_funnel, hangedman_vaults_nodes,
          vaults_standard_mumra_lines, vaults_dpeg_hooks, v_misc_5,
          ontoclasm_vaults_gateway, layout_vaults_ring, uniq_jory
Vaults:4: nicolae_vaults_halls_meeting, vaults_room_pools,
          vaults_mumra_minichess, nicolae_vaults_mini_display_case,
          vaults_room_door_hall, hangedman_vaults_snaps, vaults_room_corners,
          v_misc_15, dpeg_vaults_monster_box, layout_vaults_omnigrid,
          serial_shops, shop
Vaults:5: serial_shops

Skill      XL: |  1  2  3  4  5  6  7  8  9 10 11 12 13 14 15 16 17 18 19 20 21 22 23 |
---------------+----------------------------------------------------------------------+-----
Axes           | 3 4 5 7 8 10 12 13 14 15 16 17 18 19 20 21 | 21.2
Fighting       | 4 5 6 7 8 9 10 11 12 13 14 15 16 17 | 17.4
Armour         | 4 5 6 7 9 10 11 12 13 14 15 16 17 18 19 | 19.3
Shields        | 4 5 7 8 9 10 11 13 14 15 16 17 18 19 20 21 22 | 22.2
Dodging        | 2 3 4 5 6 7 8 10 11 12 13 | 13.4
Unarmed Combat | 2 4 5 7 8 9 10 11 12 13 14 | 14.4

Action                   |  1- 3 |  4- 6 |  7- 9 | 10-12 | 13-15 | 16-18 | 19-21 | 22-24 || total
-------------------------+-------+-------+-------+-------+-------+-------+-------+-------++-------
Melee: War axe           |   161 |    88 |   314 |   484 |   792 |    11 |    13 |       ||  1863
       Broad axe         |       |       |       |       |    52 |  1261 |  1263 |   362 ||  2938
Invok: Convert to Beogh  |       |     1 |       |       |       |       |       |       ||     1
       Give Item to Name |       |       |       |     1 |       |       |       |       ||     1
       Recall Orcish Fol |       |       |       |       |     6 |    13 |    10 |     8 ||    37
       Smiting           |       |       |       |       |     2 |       |       |       ||     2
       Resurrection      |       |       |       |       |     1 |     2 |       |     1 ||     4
Evoke: Wand              |       |       |       |     2 |     3 |     1 |     2 |       ||     8
  Use: Scroll            |       |     4 |     3 |     9 |    28 |    14 |    10 |     9 ||    77
       Potion            |       |     2 |     1 |       |    15 |    18 |     5 |     8 ||    49
 Stab: Distracted        |       |       |       |     3 |    10 |    11 |     7 |    11 ||    42
       Paralysed         |       |       |       |     2 |     5 |     1 |       |       ||     8
       Invisible         |       |       |       |       |    18 |       |       |       ||    18
       Petrified         |       |       |       |       |    17 |       |       |       ||    17
       Petrifying        |       |       |       |       |     1 |       |       |       ||     1
  Eat: Chunk             |     2 |     2 |    11 |     7 |     6 |    14 |    13 |     7 ||    62
       Ration            |       |       |     2 |     5 |     7 |     8 |     6 |       ||    28
Armor: Scale mail        |    57 |    35 |    98 |       |       |       |       |       ||   190
       Chain mail        |       |       |    43 |   109 |       |       |       |       ||   152
       Plate armour      |       |       |       |    99 |   415 |   174 |       |       ||   688
       Storm dragon scal |       |       |       |       |       |   453 |   374 |   145 ||   972
Dodge: Dodged            |    73 |    21 |   107 |   131 |   197 |   407 |   330 |   151 ||  1417
Block: Shield            |    94 |    44 |   153 |   255 |   516 |   914 |   747 |   239 ||  2962
